 Dungeon Crawl Stone Soup version 0.21.1-1-g345015fe64 (webtiles) character file.

611 Nattfarinn the Covered (level 7, -1/84 HPs)
             Began as a Gnoll Wanderer on May 6, 2018.
             Was an Initiate of Cheibriados.
             Slain by Pikel
             ... wielding a +2 whip of electrocution
              (19 damage)
             ... on level 5 of the Dungeon.
             The game lasted 00:10:11 (5058 turns).

Nattfarinn the Covered (Gnoll Wanderer)             Turns: 5058, Time: 00:10:14

Health: -1/84      AC: 30    Str: 15    XL:     7   Next: 43%
Magic:  10/10      EV:  2    Int: 14    God:    Cheibriados [......]
Gold:   255        SH:  0    Dex: 19    Spells: 10/10 levels left

rFire    . . .     SeeInvis .   n - +2 mace (protect)
rCold    . . .     Gourm    .   (no shield)
rNeg     + + +     Faith    .   (armour currently unavailable)
rPois    +         Spirit   .   (helmet currently unavailable)
rElec    .         Reflect  .   (cloak currently unavailable)
rCorr    .         Harm     .   (gloves currently unavailable)
MR       .....     NoTele   +   (boots currently unavailable)
Stlth    ++++......             x - amulet of magic regeneration
HPRegen  0.24/turn              g - ring of stealth
MPRegen  0.37/turn              (no ring)

@: tree-form, protection aura, very slow
A: distributed training, strong nose
a: Bend Time, Renounce Religion


You were on level 5 of the Dungeon.
You worshipped Cheibriados.
Cheibriados was noncommittal.
You were not hungry.
You were a tree.
You visited 2 branches of the dungeon, and saw 6 of its levels.

You collected 255 gold pieces.

Inventory:

Hand Weapons
 c - a +0 short sword
 e - a +0 blowgun
 n - a +2 mace of protection (weapon)
Missiles
 b - a throwing net (quivered)
 d - 12 poisoned needles
Armour
 a - a +0 leather armour
 m - a +0 plate armour (melded)
 o - a +0 scale mail
Jewellery
 g - a ring of stealth (left branch)
 x - an amulet of magic regeneration (around neck)
Wands
 q - a wand of random effects (21)
 u - a wand of paralysis (13)
Scrolls
 j - 3 scrolls of identify {unknown}
 l - 2 scrolls of fog {unknown}
 r - 2 scrolls of fear {unknown}
 t - 2 scrolls of remove curse {unknown}
Potions
 h - 2 potions of brilliance
 i - a potion of flight
 p - a potion of berserk rage {unknown}
 s - 2 potions of curing {unknown}
 v - 3 potions of mutation {unknown}
Comestibles
 f - 9 rations


   Skills:
 + Level 5.2 Fighting
 + Level 2.4 Short Blades
 + Level 2.4 Long Blades
 + Level 2.4 Axes
 + Level 2.4 Maces & Flails
 + Level 2.4 Polearms
 + Level 5.2 Staves
 + Level 2.4 Slings
 + Level 2.4 Bows
 + Level 2.4 Crossbows
 + Level 3.6 Throwing
 + Level 5.2 Armour
 + Level 3.6 Dodging
 + Level 3.4 Stealth
 + Level 3.6 Shields
 + Level 2.4 Unarmed Combat
 + Level 2.4 Spellcasting
 + Level 2.0 Conjurations
 + Level 2.0 Hexes
 + Level 2.0 Charms
 + Level 2.0 Summonings
 + Level 2.0 Necromancy
 + Level 2.0 Translocations
 + Level 2.0 Transmutations
 + Level 2.0 Fire Magic
 + Level 2.0 Ice Magic
 + Level 2.0 Air Magic
 + Level 2.0 Earth Magic
 + Level 2.0 Poison Magic
 + Level 2.7 Invocations
 + Level 2.4 Evocations


You had 10 spell levels left.
You didn't know any spells.

Dungeon Overview and Level Annotations

Branches:
Dungeon (5/15)             Temple (1/1) D:5

Altars:
Ashenzari
Cheibriados
Dithmenos
Elyvilon
Gozag
Hepliaklqana
Kikubaaqudgha
Makhleb
Nemelex Xobeh
Okawaru
Qazlal
Ru
Trog
Uskayaw
Vehumet
Wu Jian
Xom
Yredelemnul
Zin
The Shining One

Shops:
D:4 =

Annotations:
D:5 Pikel


Innate Abilities, Weirdness & Mutations

Your experience applies equally to all skills.
((You have very sharp teeth.))
Your uncanny sense of smell can sniff out nearby items.


Message History

The slave hits you but does no damage. Pikel hits you but does no damage.
You hit Pikel.
Pikel is moderately wounded.
The slave hits you but does no damage. Pikel hits you but does no damage.
You closely miss Pikel.
Pikel is moderately wounded.
The slave hits you but does no damage. Pikel hits you but does no damage.
You hit Pikel but do no damage.
Pikel is moderately wounded.
The slave hits you but does no damage. Pikel hits you but does no damage.
You are electrocuted!
* * * LOW HITPOINT WARNING * * *
The slave hits you but does no damage.
You miss Pikel.
Pikel is moderately wounded.
Pikel hits you but does no damage.
The crimson imp hits you but does no damage.
The slave hits you but does no damage. Pikel hits you but does no damage.
You are electrocuted!
You die...

### #.. #.#####
#.#K..# #..5♣.#
##.#.p(#
###..##.##
##....#...# #
###..##.#.⌠... #
##...###.#...#..
# ###..###
#.######.#
####...######.#
..
..............#


You could see Pikel, a slave and a crimson imp.

Vanquished Creatures
  A phantom (Temple)
  3 slaves (Temple)
  A scorpion (D:4)
  A gnoll shaman (D:5)
  3 orc priests (D:4)
  2 hounds
  An orc wizard (D:4)
  2 worker ants (D:4)
  4 gnolls (D:5)
  6 adders
  An ooze (D:1)
  5 worms
  6 leopard geckos
  11 orcs
  7 bats
  2 giant cockroaches (D:1)
  9 goblins
  8 hobgoblins
  10 jackals
  5 quokkas
  9 frilled lizards
  3 kobolds
  A leopard gecko zombie (D:5)
  A quokka skeleton (D:4)
  10 rats
112 creatures vanquished.

Notes
Turn   | Place    | Note
-------+----------+-------------------------------------------
     0 | D:1      | Nattfarinn the Gnoll Wanderer began the quest for the Orb.
     0 | D:1      | Nattfarinn set off with: a +0 leather armour, 3 throwing nets, a +0 short sword, 12 poisoned needles, a +0 blowgun, a ration
     0 | D:1      | Reached XP level 1. HP: 20/20 MP: 1/1
   111 | D:1      | Reached XP level 2. HP: 23/26 MP: 2/2
   242 | D:1      | Reached XP level 3. HP: 24/31 MP: 3/3
   783 | D:2      | Reached skill level 1 in Invocations
  1169 | D:2      | Reached skill level 1 in Short Blades
  1169 | D:2      | Reached skill level 1 in Long Blades
  1169 | D:2      | Reached skill level 1 in Axes
  1169 | D:2      | Reached skill level 1 in Maces & Flails
  1169 | D:2      | Reached skill level 1 in Polearms
  1169 | D:2      | Reached skill level 1 in Slings
  1169 | D:2      | Reached skill level 1 in Bows
  1169 | D:2      | Reached skill level 1 in Crossbows
  1169 | D:2      | Reached skill level 1 in Unarmed Combat
  1169 | D:2      | Reached skill level 1 in Spellcasting
  1169 | D:2      | Reached skill level 1 in Evocations
  1398 | D:2      | Reached XP level 4. HP: 16/38 MP: 5/5
  1847 | D:2      | Found a shattered altar of Ashenzari.
  1851 | D:2      | Saw a vision of the Shoals and the Spider Nest.
  1851 | D:2      | Noticed a merfolk
  1851 | D:2      | Noticed a merfolk
  1851 | D:2      | Noticed a merfolk
  1851 | D:2      | Noticed a merfolk siren
  1851 | D:2      | Noticed a wolf spider
  1851 | D:2      | Noticed a redback
  1851 | D:2      | Noticed a wolf spider
  1853 | D:2      | Noticed a merfolk
  1945 | D:2      | Reached skill level 1 in Conjurations
  1945 | D:2      | Reached skill level 1 in Hexes
  1945 | D:2      | Reached skill level 1 in Charms
  1945 | D:2      | Reached skill level 1 in Summonings
  1945 | D:2      | Reached skill level 1 in Necromancy
  1945 | D:2      | Reached skill level 1 in Translocations
  1945 | D:2      | Reached skill level 1 in Transmutations
  1945 | D:2      | Reached skill level 1 in Fire Magic
  1945 | D:2      | Reached skill level 1 in Ice Magic
  1945 | D:2      | Reached skill level 1 in Air Magic
  1945 | D:2      | Reached skill level 1 in Earth Magic
  1945 | D:2      | Reached skill level 1 in Poison Magic
  2192 | D:3      | Found an ancient bone altar of Kikubaaqudgha.
  2368 | D:3      | Reached XP level 5. HP: 43/43 MP: 6/6
  3107 | D:4      | Found Caar Emp's Jewellery Shop.
  3251 | D:4      | Reached XP level 6. HP: 41/50 MP: 8/8
  3630 | D:4      | Reached skill level 5 in Fighting
  3630 | D:4      | Reached skill level 5 in Staves
  3630 | D:4      | Reached skill level 5 in Armour
  3737 | D:4      | Found a glowing golden altar of the Shining One.
  3968 | D:5      | Entered Level 5 of the Dungeon
  4073 | D:5      | Reached XP level 7. HP: 24/56 MP: 10/10
  4447 | D:5      | Found a staircase to the Ecumenical Temple.
  4449 | D:5      | Noticed Pikel
  4456 | Temple   | Entered the Ecumenical Temple
  4963 | Temple   | Became a worshipper of Cheibriados the Contemplative
  5058 | D:5      | Slain by Pikel

Skill      XL: |  1  2  3  4  5  6  7 |
---------------+----------------------+-----
Invocations    | 1 2 |  2.7
Short Blades   | 1 2 |  2.4
Long Blades    | 1 2 |  2.4
Axes           | 1 2 |  2.4
Maces & Flails | 1 2 |  2.4
Polearms       | 1 2 |  2.4
Slings         | 1 2 |  2.4
Bows           | 1 2 |  2.4
Crossbows      | 1 2 |  2.4
Unarmed Combat | 1 2 |  2.4
Spellcasting   | 1 2 |  2.4
Evocations     | 1 2 |  2.4
Conjurations   | 1 2 |  2.0
Hexes          | 1 2 |  2.0
Charms         | 1 2 |  2.0
Summonings     | 1 2 |  2.0
Necromancy     | 1 2 |  2.0
Translocations | 1 2 |  2.0
Transmutations | 1 2 |  2.0
Fire Magic     | 1 2 |  2.0
Ice Magic      | 1 2 |  2.0
Air Magic      | 1 2 |  2.0
Earth Magic    | 1 2 |  2.0
Poison Magic   | 1 2 |  2.0
Throwing       | 3 |  3.6
Dodging        | 3 |  3.6
Shields        | 3 |  3.6
Stealth        | 3 |  3.4
Fighting       | 5 |  5.2
Staves         | 5 |  5.2
Armour         | 5 |  5.2

Action                   |  1- 3 |  4- 6 |  7- 9 || total
-------------------------+-------+-------+-------++-------
Melee: Short sword       |   161 |    32 |       ||   193
       Bite              |    17 |    35 |    10 ||    62
       Mace              |       |   190 |   125 ||   315
       Punch             |       |     3 |     1 ||     4
Throw: Throwing net      |       |     3 |       ||     3
  Use: Potion            |       |     1 |     3 ||     4
 Stab: Sleeping          |     4 |    10 |       ||    14
       Held in net/web   |       |     2 |       ||     2
  Eat: Chunk             |     2 |     5 |     1 ||     8
       Ration            |       |     1 |     1 ||     2
Armor: Leather armour    |    46 |     8 |       ||    54
       Scale mail        |       |    25 |       ||    25
       Plate armour      |       |   186 |   107 ||   293
       Skin              |       |       |    68 ||    68
Dodge: Dodged            |   172 |   105 |    42 ||   319
